 Dungeon Crawl Stone Soup version 0.15-a0-244-g7dd1917 (webtiles) character file.

179 E1999 the Ruinous (level 4, -2/24 HPs)
             Began as a Deep Elf Conjurer on Apr 26, 2014.
             Slain by Grinder (4 damage)
             ... while paralysed by Grinder
             ... on Level 3 of the Dungeon.
             The game lasted 00:07:29 (1953 turns).

E1999 the Ruinous (Deep Elf Conjurer)               Turns: 1953, Time: 00:07:30

HP  -2/24        AC  3     Str 12      XL: 4   Next: 57%
MP  15/22        EV  2     Int 20      God:
Gold 72          SH  0     Dex 15      Spells:  1 memorised,  8 levels left

rFire  . . .     SeeInvis .     f - +0 dagger
rCold  . . .     Clarity  .     a - +0 robe
rNeg   . . .     Conserve .     (no shield)
rPois  .         rCorr    .     (no helmet)
rElec  .         rRot     .     m - +0 cloak
SustAb . .       Spirit   .     (no gloves)
rMut   .         Warding  .     (no boots)
Saprov . . .     Stasis   .     (no amulet)
MR     .....                    k - ring of magical power
                                p - +6 ring of strength

@: paralysed, not resistant to hostile enchantments, fairly stealthy
A: no striking features
a: no special abilities


You were on level 3 of the Dungeon.
You were hungry.

You visited 1 branch of the dungeon, and saw 3 of its levels.

You collected 72 gold pieces.

Inventory:

Hand weapons
 f - a +0,+0 dagger (weapon)
Armour
 a - a +0 robe (worn)
 m - a +0 cloak (worn)
Comestibles
 b - a bread ration
 q - a meat ration
Scrolls
 e - a scroll of recharging {unknown}
 g - a scroll of enchant weapon II {unknown}
 h - a scroll of remove curse {unknown}
 j - 2 scrolls of identify {unknown}
Jewellery
 k - a ring of magical power (right hand)
 p - a +6 ring of strength (left hand)
Potions
 d - a potion of lignification {unknown}
 i - a potion of paralysis {unknown}
 l - a potion of haste {unknown}
 n - 2 potions of curing {unknown}
 o - a potion of agility {unknown}
Books
 c - a book of Conjurations

   Spells                             Type                      Level
   *Magic Dart                        Conjuration                  1
   Searing Ray                        Conjuration                  2
   Dazzling Spray                     Conjuration/Hexes            3
   Fulminant Prism                    Conjuration/Hexes            4
   Iskenderun's Mystic Blast          Conjuration                  4
   Iskenderun's Battlesphere          Conjuration/Charms           5
 r - a book of the Dragon

   Spells                             Type                      Level
   Flight                             Charms/Air                   3
   Cause Fear                         Hexes                        4
   Bolt of Fire                       Conjuration/Fire             6
   Dragon Form                        Transmutation                7
   Dragon's Call                      Summoning                    9


   Skills:
 - Level 2.4 Dodging
 - Level 2.4 Stealth
 - Level 3.0 Spellcasting
 + Level 6.6 Conjurations


You had 8 spell levels left.
You knew the following spells:

 Your Spells              Type           Power        Failure   Level  Hunger
a - Magic Dart            Conj           ####         1%          1    None


Dungeon Overview and Level Annotations

Branches:
Dungeon (3/15)

Altars:

Annotations:
D:3 Grinder


Message History

Aiming: Magic Dart
Press: ? - help, Shift-Dir - straight line, f/p - Grinder
Aim: Grinder (moderately wounded)
The magic dart hits Grinder.
Grinder is heavily wounded.
Grinder hits you!
Casting: Magic Dart
Confirm with . or Enter, or press ? or * to list all spells.
Aiming: Magic Dart
Press: ? - help, Shift-Dir - straight line, f/p - Grinder
Aim: Grinder (heavily wounded)
The magic dart hits Grinder.
Grinder is heavily wounded.
Grinder gestures at you.
You suddenly lose the ability to move!
A bat comes into view.
Grinder hits you!
* * * LOW HITPOINT WARNING * * *
Grinder hits you.
You die...

. ....## ........
...... #....#
#....# . #....#
...###....#
.......).b@#
......%...5#
.....!............
................
...####.....?...
.. #...######
#...# #...# #...#


You could see Grinder and a bat.

Vanquished Creatures
  Terence (D:2)
  A gnoll (D:1)
  3 adders (D:2)
  A worm (D:2)
  2 giant geckos (D:1)
  9 bats
  4 giant cockroaches
  7 goblins
  7 hobgoblins
  4 jackals (D:1)
  2 giant newts
  2 kobolds
  A quokka (D:2)
  8 rats
52 creatures vanquished.

Notes
Turn   | Place    | Note
--------------------------------------------------------------
     0 | D:1      | E1999, the Deep Elf Conjurer, began the quest for the Orb.
     0 | D:1      | Reached XP level 1. HP: 10/10 MP: 5/5
   292 | D:1      | Reached XP level 2. HP: 13/15 MP: 0/8
   307 | D:1      | Reached skill level 5 in Conjurations
   693 | D:1      | Reached XP level 3. HP: 13/19 MP: 2/10
  1043 | D:2      | Reached skill level 6 in Conjurations
  1231 | D:2      | Reached XP level 4. HP: 24/24 MP: 10/13
  1541 | D:3      | Noticed Terence
  1898 | D:2      | Killed Terence
  1935 | D:3      | Noticed Grinder
  1935 | D:3      | Paralysed by Grinder for 6 turns
  1951 | D:3      | Paralysed by Grinder for 4 turns
  1953 | D:3      | Slain by Grinder

Action                   |  1- 3 |  4- 6 || total
-------------------------+-------+-------++-------
Melee: Unarmed           |    10 |       ||    10
       Dagger            |    33 |       ||    33
 Cast: Magic Dart        |    65 |    46 ||   111
 Stab: Sleeping          |     1 |       ||     1
